 Dungeon Crawl Stone Soup version 0.16.1-51-g6203257 (webtiles) character file.

103 amnekian the Caller (level 4, -2/30 HPs)
             Began as a Mummy Summoner on July 9, 2015.
             Hit by a large rock thrown by a cyclops (32 damage)
             ... on level 1 of the Dungeon on July 14, 2015.
             The game lasted 00:17:17 (7594 turns).

amnekian the Caller (Mummy Summoner)                Turns: 7594, Time: 00:17:17

Health: -2/30      AC:  4    Str: 11    XL:     4   Next: 51%
Magic:  7/7        EV: 12    Int: 15    God:
Gold:   115        SH:  0    Dex: 12    Spells: 2 memorised, 3 levels left

rFire  x . .     SeeInvis .     m - +0 spear
rCold  + . .     Clarity  .     a - +0 robe
rNeg   + + +     SustAb   .     (no shield)
rPois  ∞         Gourm    .     j - +1 helmet
rElec  .         Spirit   .     (no cloak)
rCorr  .         Warding  .     (no gloves)
rMut   .         Stasis   .     (no boots)
MR     .....                    (no amulet)
Stlth  ++........               (no ring)
                                (no ring)

@: not resistant to hostile enchantments, unstealthy
A: no food or potions, fire vulnerability, restore body, cold resistance 1,
negative energy resistance 3, poison resistance, torment resistance, unbreathing
a: no special abilities


You were on level 1 of the Dungeon.
You were not hungry.

You visited 1 branch of the dungeon, and saw 2 of its levels.

You collected 115 gold pieces.

Inventory:

Hand weapons
 h - a +0 club
 l - a +0 whip
 m - a +0 spear (weapon)
Missiles
 d - 17 arrows
 e - 36 poisoned needles
Armour
 a - a +0 robe (worn)
 j - a +1 helmet (worn)
Jewellery
 f - a +4 ring of strength {unknown}
 g - an uncursed ring of protection from magic {unknown}
 q - an uncursed ring of ice {unknown}
Scrolls
 c - a scroll of enchant armour {unknown}
 i - 4 scrolls of identify {unknown}
 k - 2 scrolls of immolation {unknown}
 n - a scroll of remove curse {unknown}
 o - a scroll of blinking {unknown}
 p - a scroll of amnesia {unknown}
Books
 b - a book of Callings

   Spells                             Type                      Level
   a - Summon Small Mammal            Summoning                    1
   b - Call Imp                       Summoning                    2
   c - Call Canine Familiar           Summoning                    3
   d - Summon Guardian Golem          Hexes/Summoning              4
   e - Summon Lightning Spire         Summoning/Air                4
   f - Summon Ice Beast               Ice/Summoning                4


   Skills:
 - Level 1.5 Dodging
 - Level 1.5 Stealth
 - Level 2.0 Spellcasting
 + Level 5.0 Summonings


You had 3 spell levels left.
You knew the following spells:

 Your Spells              Type           Power        Failure   Level  Hunger
a - Summon Small Mammal   Summ           ###.         2%          1    N/A
b - Call Canine Familiar  Summ           ###.....     10%         3    N/A

Dungeon Overview and Level Annotations

Branches:
Dungeon (2/15)

Altars:
Kikubaaqudgha
Nemelex Xobeh


Innate Abilities, Weirdness & Mutations

You do not eat or drink.
Your flesh is vulnerable to fire.
Your flesh is cold resistant.
You are immune to negative energy.
Your system is resistant to poisons.
You are immune to unholy pain and torment.
You can survive without breathing.


Message History

Magic restored.
There is an open door here.
Found a robe.
There is an open door here.
Found a bubbling ruby potion.
Found a dagger.
Found a whip.
Found a dark potion.
There is an open door here.
There is an open door here.
You see here a whip.
There is a large open door here.
There is a large open door here.
There is an open door here.
Found a dagger.
A cyclops comes into view.
The cyclops shouts!
You hear a bellow!
The cyclops throws a large rock.
The large rock hits you!!
Ouch! That really hurt!
You die...

###.#.#.####.####.#.#.####.####.#
..h.#.#.Y..#.#....#.#....#.#....#
.####.####.#.#.####.####.#.#.####
.h.....†...#.#...........#.#.....
############.#############.######
..................C....,,........
##.#.##.#.#.....#.#,**,*,########
........#.#.###.#.#.##.#,*
#########.#.# #.@..)...#,********
# #.#.#*###.#.####,,,,,>,,, #
#.#..,,,,.#,* ********** #
*#.###****##,* # *...,,,,,,,,,* #
*###********** # # #


You could see a cyclops.

Vanquished Creatures
  7 bats
  A goblin (D:2)
  3 hobgoblins
  A jackal (D:1)
  A giant newt (D:2)
  8 kobolds
  9 rats
30 creatures vanquished.

Vanquished Creatures (collateral kills)
  A sheep (D:1)
  4 adders (D:2)
  3 worms (D:2)
  A giant gecko (D:2)
  An ooze (D:2)
  3 bats
  2 goblins
  9 hobgoblins
  A jackal (D:1)
  A quokka (D:2)
  A giant newt (D:2)
  7 kobolds
  6 rats
40 creatures vanquished.

Vanquished Creatures (others)
  2 hounds (D:2)
  2 quokkas (D:2)
  5 bats
  10 rats
19 creatures vanquished.

Grand Total: 89 creatures vanquished

Notes
Turn   | Place    | Note
--------------------------------------------------------------
     0 | D:1      | amnekian, the Mummy Summoner, began the quest for the Orb.
     0 | D:1      | Reached XP level 1. HP: 13/13 MP: 3/3
   871 | D:1      | Reached XP level 2. HP: 11/19 MP: 1/4
  2452 | D:1      | You fall through a shaft!
  2538 | D:2      | Reached skill level 4 in Summonings
  2807 | D:2      | Reached XP level 3. HP: 15/24 MP: 1/6
  3139 | D:2      | Learned a level 3 spell: Call Canine Familiar
  3439 | D:2      | Found an ancient bone altar of Kikubaaqudgha.
  3650 | D:2      | Found a sparkling altar of Nemelex Xobeh.
  3945 | D:2      | Reached XP level 4. HP: 25/30 MP: 7/7
  7346 | D:1      | Reached skill level 5 in Summonings
  7594 | D:1      | Noticed a cyclops
  7594 | D:1      | Hit by a large rock thrown by a cyclops

Action                   |  1- 3 |  4- 6 || total
-------------------------+-------+-------++-------
Melee: Unarmed           |   101 |       ||   101
       Club              |    35 |       ||    35
       Spear             |    54 |    52 ||   106
 Cast: Summon Small Mamm |    53 |     1 ||    54
       Call Canine Famil |    13 |    11 ||    24
 Stab: Distracted        |     2 |       ||     2
       Sleeping          |     1 |     1 ||     2
